 Dungeon Crawl Stone Soup version 0.19.4 (console) character file.

18104 Kloppie the Cleaver (level 12, -4/107 HPs)
             Began as a Ghoul Berserker on Jan 31, 2017.
             Was a High Priest of Trog.
             Slain by an ice devil (9 damage)
             ... in an ice cave.
             The game lasted 00:22:20 (11107 turns).

Kloppie the Cleaver (Ghoul Berserker)              Turns: 11107, Time: 00:22:20

Health: -4/107     AC: 23    Str: 25    XL:     12   Next: 55%
Magic:  24/24      EV:  8    Int:  3    God:    Trog [*****.]
Gold:   813        SH:  6    Dex:  8    Spells: 0 memorised, 11 levels left

rFire  + . .     SeeInvis .     a - +2 broad axe (elec)
rCold  + . .     Gourm    .     H - +0 plate armour
rNeg   + + +     Faith    .     k - +2 buckler
rPois  ∞         Spirit   .     f - +0 Maxwell's etheric cage {RegenMP+ *Contam rElec MP+4}
rElec  +         Reflect  .     d - +2 cloak {MR+}
rCorr  .         Harm     .     o - +2 pair of gloves
MR     +++..                    (no boots)
Stlth  ..........               (no amulet)
                                C - ring of protection from fire
                                v - ring of magical power

@: regenerating, rotting
A: rotting body, claws 1, carnivore 3, cold resistance 1, negative energy
resistance 3, slow regeneration 1, torment resistance, unbreathing
a: Trog's Hand, Brothers in Arms, Burn Spellbooks, Renounce Religion


You were in an ice cave.
You worshipped Trog.
Trog was extremely pleased with you.
You were not hungry.

You visited 2 branches of the dungeon, and saw 13 of its levels.
You also visited: Ossuary and Ice Cave.

You collected 813 gold pieces.

Inventory:

Hand Weapons
 a - a +2 broad axe of electrocution (weapon)
 b - a +0 scimitar of flaming
 t - a +0 war axe
Armour
 d - a +2 cloak of magic resistance (worn)
 f - the +0 Maxwell's etheric cage (worn) {RegenMP+ *Contam rElec MP+4}
   (You took it off Robin on level 2 of the Dungeon)

   It insulates you from electricity.
   It affects your magic capacity (+4).
   It causes magical contamination when unequipped.
 k - a +2 buckler (worn)
 n - a +0 shield
 o - a +2 pair of gloves (worn)
 H - a +0 plate armour (worn)
Jewellery
 v - a ring of magical power (left hand)
 B - an uncursed ring of magical power
 C - a ring of protection from fire (right hand)
 F - an uncursed ring of ice
Wands
 j - a wand of lightning (4/15)
 r - a wand of paralysis (6/24)
Scrolls
 e - 4 scrolls of blinking
 i - 8 scrolls of remove curse
 l - 5 scrolls of teleportation
 m - 9 scrolls of identify
 s - a scroll of immolation
 u - 3 scrolls of recharging
 x - 3 scrolls of magic mapping
 y - 3 scrolls of fog
 G - a scroll of enchant weapon
Potions
 h - 2 potions of resistance
 p - 3 potions of magic
 w - 2 potions of cancellation
 z - a potion of brilliance
 D - 5 potions of curing
 E - 3 potions of might
Comestibles
 c - 8 meat rations
 g - 5 slices of pizza
 q - 2 beef jerkies
 A - 12 chunks of flesh


   Skills:
 - Level 10.3 Fighting
 + Level 12.0 Axes
 - Level 10.7 Armour
 - Level 1.7 Dodging
 + Level 5.2 Shields


You had 11 spell levels left.
You didn't know any spells.

Dungeon Overview and Level Annotations

Branches:
Dungeon (10/15)            Temple (0/1) D:5            Lair (3/6) D:10
 Shoals (0/4) Lair:2       Spider (0/4) Lair:3
    Orc: D:9-12

Altars:
Ashenzari
Hepliaklqana
Okawaru
Qazlal
Ru
Sif Muna
Uskayaw
Xom

Annotations:
D:3 Jynx's ghost, amateur MfGl IceCv exclusion: 2 ice statues


Innate Abilities, Weirdness & Mutations

Your body is rotting away.
You thrive on raw meat.
You are immune to poison.
You have sharp fingernails.
You are carnivorous and can eat meat at any time.
Your flesh is cold resistant. (rC+)
You are immune to negative energy. (rN+++)
You regenerate slowly when monsters are visible.
You are immune to unholy pain and torment.
You can survive without breathing.


Message History

Eat one of 13 chunks of flesh? (ye/n/q)
You start eating one of the 13 chunks of flesh.
The ice devil barely misses you. The ice devil closely misses you.
The ice devil barely misses you. The ice devil hits you.
* * * LOW HITPOINT WARNING * * *
The ice devil freezes you! You resist.
* * * LOW HITPOINT WARNING * * *
The ice devil hits you but does no damage.
This raw flesh tastes great!
Okay, then.
Your skin crawls.
You feel resistant to hostile enchantments.
You feel somewhat more hungry. The ice devil hits you!
* * * LOW HITPOINT WARNING * * *
The ice devil freezes you! You resist.
* * * LOW HITPOINT WARNING * * *
You block the ice devil's attack. The ice devil hits you.
* * * LOW HITPOINT WARNING * * *
The ice devil freezes you! You resist.
You die...

### ....## .......##
........# ........8
####
........########..##
.........##..##....##
.............44.....#
..⌠..........4@.∩∩..#
...........##44.....#
.........######....##
........## ##..##
........8 ####
........# .......##
.....## #####


You could see 5 ice devils.

Vanquished Creatures
  Fannar (Lair:2)
  Erica (D:8)
  A gargoyle (D:10)
  3 spiny frogs
  A komodo dragon (Lair:2)
  The ghost of maxonian the Stinger, a novice TeVM (Ossuary)
  A merfolk (Lair:2)
  A jumping spider (Lair:3)
  2 trolls (D:10)
  Prince Ribbit (D:7)
  4 hippogriffs
  9 blink frogs
  A spriggan (D:7)
  2 redbacks (Lair:3)
  25 yaks
  A basilisk (Lair:2)
  A hungry ghost (D:10)
  2 water moccasins
  2 porcupines
  6 orc warriors
  3 ice beasts
  A black bear (D:9)
  2 sky beasts
  5 ogres
  A phantom (D:4)
  4 centaurs
  23 crocodiles
  5 bullfrogs
  A gnoll sergeant (D:10)
  10 scorpions
  A howler monkey (D:6)
  3 electric eels
  3 crimson imps
  5 hounds
  2 centaur skeletons
  2 jellies
  A human zombie (Ossuary)
  9 orc priests
  3 bullfrog skeletons
  Crazy Yiuf (D:2)
  12 iguanas
  9 orc wizards
  2 worker ants (D:5)
  2 big kobold zombies (Ossuary)
  2 hound zombies
  A hound skeleton (D:9)
  3 mummies (Ossuary)
  Robin (D:2)
  A worker ant zombie (D:10)
  6 gnolls
  13 adders
  2 scorpion zombies (Ossuary)
  12 white imps (Lair:3)
  An ooze (D:3)
  An adder skeleton (D:5)
  A worm (D:5)
  2 dart slugs
  15 leopard geckos
  52 orcs
  15 bats
  3 giant cockroaches
  A gnoll zombie (Ossuary)
  12 goblins
  13 hobgoblins
  9 jackals
  7 kobolds
  7 quokkas
  3 ball pythons
  13 frilled lizards
  2 goblin zombies (Ossuary)
  2 jackal skeletons
  4 kobold zombies (Ossuary)
  A leopard gecko skeleton (D:8)
  An orc zombie (Ossuary)
  A quokka skeleton (D:4)
  2 rats (D:1)
  A fungus (Lair:2)
  A plant (Lair:2)
387 creatures vanquished.

Vanquished Creatures (collateral kills)
  Sonja (Lair:2)
  A blink frog (Lair:2)
2 creatures vanquished.

Vanquished Creatures (others)
  5 fungi
  A plant (Lair:3)
6 creatures vanquished.

Grand Total: 395 creatures vanquished

Notes
Turn   | Place    | Note
-------+----------+-------------------------------------------
     0 | D:1      | Kloppie the Ghoul Berserker began the quest for the Orb.
     0 | D:1      | Reached XP level 1. HP: 19/19 MP: 0/0
   143 | D:1      | Reached XP level 2. HP: 15/27 MP: 1/1
   455 | D:1      | Reached skill level 3 in Axes
   455 | D:1      | Reached XP level 3. HP: 24/33 MP: 2/2
   478 | D:1      | Reached ** piety under Trog
  1042 | D:2      | Found a runed door.
  1086 | D:2      | Noticed Robin
  1108 | D:2      | Reached XP level 4. HP: 20/41 MP: 3/3
  1136 | D:2      | Killed Robin
  1136 | D:2      | Reached skill level 5 in Fighting
  1680 | D:2      | Noticed Crazy Yiuf
  1695 | D:2      | Killed Crazy Yiuf
  1695 | D:2      | Reached XP level 5. HP: 20/48 MP: 4/4
  2198 | D:3      | Noticed Jynx's ghost (amateur MfGl)
  2290 | D:4      | Reached *** piety under Trog
  2348 | D:4      | Noticed a phantom
  2389 | D:4      | Killed a phantom
  2389 | D:4      | Reached skill level 4 in Axes
  2389 | D:4      | Reached XP level 6. HP: 35/58 MP: 5/5
  2584 | D:4      | Reached skill level 1 in Shields
  2946 | D:5      | Entered Level 5 of the Dungeon
  3015 | D:4      | Reached XP level 7. HP: 12/64 MP: 6/6
  3210 | D:5      | Found a hazy altar of Hepliaklqana.
  3213 | D:5      | Found a shimmering altar of Xom.
  3226 | D:5      | Found a hide-covered altar of Uskayaw.
  3271 | D:5      | Reached skill level 5 in Axes
  3430 | D:5      | Found a shattered altar of Ashenzari.
  3452 | D:5      | Reached XP level 8. HP: 68/71 MP: 7/7
  3545 | D:5      | Found a staircase to the Ecumenical Temple.
  3811 | D:5      | Found a shimmering altar of Xom.
  3873 | D:5      | You fall through a shaft for 3 floors!
  3963 | D:7      | Reached skill level 6 in Axes
  4003 | D:7      | Found a sand-covered staircase.
  4011 | Ossuary  | Entered an ossuary
  4024 | Ossuary  | Reached **** piety under Trog
  4089 | Ossuary  | Noticed maxonian's ghost (novice TeVM)
  4107 | Ossuary  | Killed maxonian's ghost
  4107 | Ossuary  | Reached skill level 5 in Armour
  4167 | Ossuary  | Reached XP level 9. HP: 75/78 MP: 8/8
  4592 | D:5      | Reached skill level 7 in Axes
  4681 | D:6      | Reached ***** piety under Trog
  5425 | D:7      | Found a deep blue altar of Sif Muna.
  5624 | D:7      | Noticed Prince Ribbit
  5652 | D:7      | Killed Prince Ribbit
  6124 | D:8      | Noticed Erica
  6190 | D:8      | Killed Erica
  6190 | D:8      | Reached skill level 8 in Axes
  6190 | D:8      | Reached XP level 10. HP: 44/92 MP: 9/9
  6511 | D:8      | Reached skill level 10 in Fighting
  6932 | D:9      | Found an iron altar of Okawaru.
  6938 | D:9      | Found a sacrificial altar of Ru.
  6941 | D:9      | Found a stormy altar of Qazlal.
  7198 | D:9      | Identified a scroll of acquirement
  7519 | D:10     | Entered Level 10 of the Dungeon
  7538 | D:10     | Received a gift from Trog
  8262 | D:9      | Reached skill level 9 in Axes
  8504 | D:10     | Reached XP level 11. HP: 99/101 MP: 10/10
  8740 | D:10     | Found a staircase to the Lair.
  9160 | Lair:1   | Entered Level 1 of the Lair of Beasts
 10083 | Lair:2   | Reached skill level 10 in Axes
 10086 | Lair:2   | Reached skill level 10 in Armour
 10274 | Lair:2   | Reached XP level 12. HP: 74/107 MP: 11/11
 10433 | Lair:2   | Found a staircase to the Shoals.
 10599 | Lair:2   | Noticed Fannar
 10614 | Lair:2   | Killed Fannar
 10614 | Lair:2   | Reached skill level 11 in Axes
 10630 | Lair:2   | Noticed Sonja
 10704 | Lair:2   | Killed Sonja
 10723 | Lair:2   | Received a gift from Trog
 10941 | Lair:3   | Found a frozen archway.
 11009 | Lair:3   | Reached skill level 5 in Shields
 11024 | Lair:3   | Reached skill level 12 in Axes
 11080 | IceCv    | Entered an ice cave
 11107 | IceCv    | HP: 5/107 [ice devil (1)]
 11107 | IceCv    | Slain by an ice devil

Skill      XL: |  1  2  3  4  5  6  7  8  9 10 11 12 |
---------------+-------------------------------------+-----
Fighting       | 4 5 6 9 10 | 10.3
Axes           | 3 4 5 6 8 9 10 12 | 12.0
Shields        | 2 4 5 |  5.2
Armour         | 5 6 8 10 | 10.7
Dodging        | |  1.7

Action                   |  1- 3 |  4- 6 |  7- 9 | 10-12 || total
-------------------------+-------+-------+-------+-------++-------
Melee: Hand axe          |   157 |   280 |   661 |   120 ||  1218
       War axe           |       |       |       |   253 ||   253
       Broad axe         |       |       |       |   348 ||   348
Invok: Trog's Hand       |       |     3 |     2 |     3 ||     8
       Brothers in Arms  |       |       |       |     1 ||     1
Evoke: Wand              |       |       |     5 |     2 ||     7
  Use: Potion            |     3 |     2 |     7 |       ||    12
       Scroll            |       |     8 |     5 |     9 ||    22
 Stab: Invisible         |       |     2 |       |       ||     2
  Eat: Chunk             |     6 |    13 |    48 |    55 ||   122
Armor: Scale mail        |    83 |   118 |   244 |       ||   445
       Chain mail        |       |       |    45 |   191 ||   236
       Plate armour      |       |       |       |   310 ||   310
Dodge: Dodged            |   112 |   130 |   237 |   281 ||   760
Block: Buckler           |       |    48 |   164 |   274 ||   486
